AoeStats
← T0MAS

Nomad

505406054Analyzed
2v2 RM · 25d ago on Sep 9, 2026· 36m 48s· 4 players
Game mode
Random Map
Map size
176×176
Population
200
Speed
Normal
Resources
Standard
Victory
Conquest
Starting age
Dark Age
Ending age
Imperial Age
RankedLock teamsTeams togetherTeam positionsShared explorationLock speedFull tech treeHidden civsTurbo modeCheats
Victory
Defeat
🇨🇿 Bohemians · Czechia
662
+11
🇵🇦 Khitans · Panama
652
+11
🇺🇸 Bohemians · United States
548
-11
🇷🇸 Sicilians · Serbia
545
-11
T0MAS
14:59 Feudal Age
17:03 Double-Bit Axe
17:27 Fishing Lines
26:24 Scale Mail Armor
26:26 Padded Archer Armor
28:33 Fletching
32:45 Castle Age
33:49 Bow Saw
35:04 Gillnets
Elcaifascefas
6:27 Loom
14:26 Feudal Age
16:30 Double-Bit Axe
19:09 Forging
25:10 Castle Age
24:40 Scale Mail Armor
24:31 Fletching
27:09 Chain Mail Armor
27:12 Gold Mining
30:57 Iron Casting
32:14 Lamellar Armor
Sir_HotBoi
5:05 Loom
18:22 Feudal Age
18:57 Horse Collar
23:35 Castle Age
23:35 Double-Bit Axe
24:13 Man-at-Arms
24:39 Arson
25:48 Light Cavalry
27:25 Husbandry
28:50 Medium Warships
31:39 Scale Barding Armor
31:45 Forging
32:48 Padded Archer Armor
32:41 Fletching
Seeker
13:57 Feudal Age
15:16 Wheelbarrow
14:29 Double-Bit Axe
14:46 Horse Collar
16:45 Town Watch
19:52 Scale Mail Armor
28:33 Gold Mining
28:37 Stone Mining
33:37 Castle Age
34:05 Forging
36:30 Iron Casting
Connection lost

Rejoining the realm…

Still unreachable

The connection could not be restored.

Session expired

The server has moved on; the page needs a fresh start.